 Dungeon Crawl Stone Soup version 0.29.1-4-g47bece8355 (webtiles) character file.

Game seed: 12208004781381033478

6 venomsnake the Trooper (level 1, 0/20 HPs)
             Began as a Minotaur Berserker on Dec 9, 2022.
             Was a Follower of Trog.
             Succumbed to a kobold's poison
             ... on level 1 of the Dungeon.
             The game lasted 00:01:04 (109 turns).

venomsnake the Trooper (Minotaur Berserker)          Turns: 109, Time: 00:01:04

Health: 0/20       AC:  3    Str: 21    XL:     1   Next: 75%
Magic:  0/0        EV: 11    Int:  4    God:    Trog [*.....]
Gold:   0          SH:  0    Dex:  9    Spells: 0/0 levels left

rFire   . . .      SeeInvis .   a - +0 hand axe
rCold   . . .      Faith    .   (no shield)
rNeg    . . .      Spirit   .   c - +0 leather armour
rPois   .          Reflect  .   (helmet restricted)
rElec   .          Harm     .   (no cloak)
rCorr   .          Rampage  .   (no gloves)
Will    .....                   (no boots)
Stlth   +.........              (no amulet)
HPRegen 0.06/turn               (no ring)
MPRegen 0.07/turn               (no ring)

@: lethally poisoned (0 -> -2)
A: horns 2, retaliatory headbutt
a: Renounce Religion, Berserk


You were on level 1 of the Dungeon.
You worshipped Trog.
Trog was aware of your devotion.
You visited 1 branch of the dungeon, and saw 1 of its levels.

Inventory:

Hand Weapons
 a - a +0 hand axe (weapon)
Armour
 b - a +0 animal skin
 c - a +0 leather armour (worn)
Scrolls
 d - a scroll of poison {unknown}
 f - a scroll of enchant weapon {unknown}
Potions
 e - a potion of heal wounds {unknown}


   Skills:
 + Level 3.7 Fighting
 + Level 3.7 Axes
 + Level 2.5 Armour
 + Level 2.3 Dodging
 + Level 0.3 Evocations


You couldn't memorise any spells.
You didn't know any spells.
Your spell library was empty.

Dungeon Overview and Level Annotations

Branches:
Dungeon (1/15)

Altars:


Innate Abilities, Weirdness & Mutations

You have a pair of horns on your head.
You reflexively headbutt those who attack you in melee.


Message History

The kobold shouts!
A kobold is nearby!
A ball python comes into view.
You closely miss the kobold.
The kobold hits you with a +2 dagger of venom.
You are poisoned.
You hit the ball python.
The ball python is severely wounded.
You barely miss the kobold.
You feel very sick. The ball python bites you. The ball python grabs you.
The ball python constricts you. The kobold barely misses you.
You furiously retaliate!
You headbutt the kobold!
You kill the kobold!
Trog accepts your kill.
You barely miss the ball python.
The ball python is severely wounded.
You feel very sick. The ball python bites you. The ball python constricts you.
You are too injured to fight recklessly!
You closely miss the ball python. Your headbutt misses the ball python.
The ball python is severely wounded.
You feel sick. The ball python barely misses you.
The ball python constricts you. The ball python bites you.
* * * LOW HITPOINT WARNING * * *
The ball python constricts you.
You hit the ball python but do no damage.
The ball python is severely wounded.
* * * LOW HITPOINT WARNING * * *
You feel sick. The ball python completely misses you.
The ball python constricts you.
You hit the ball python.
You kill the ball python!
Trog accepts your kill.
* * * LOW HITPOINT WARNING * * *
You feel sick.
* * * LOW HITPOINT WARNING * * *
You feel sick.
You see here a +2 dagger of venom.
You die...

#. #. #. #. #. ###.###
+.....##### #.@)...(#
.......###...###
....... ##..†.##
###....
###+#..########
#.....................
#...###...............
#...##......###..#####
#####................#
#.#........#......


There were no monsters in sight!

Vanquished Creatures
  A ball python (D:1)
  A bat (D:1)
  A giant cockroach (D:1)
  A kobold (D:1)
  A frilled lizard (D:1)
5 creatures vanquished.

Notes
Turn   | Place    | Note
-------+----------+-------------------------------------------
     0 | D:1      | venomsnake the Minotaur Berserker began the quest for the
                  | Orb.
     0 | D:1      | Reached XP level 1. HP: 19/19 MP: 0/0
   108 | D:1      | HP: 1/20 [poisoned by a kobold]
   109 | D:1      | Succumbed to a kobold's poison

Illustrated notes

Levels and vault maps discovered:
D:1:      wander_arrival_desolate, layout_basic, ebering_ecumenical_altar_mist

Action                   || total
-------------------------++-------
Melee: Hand axe          ||    15
Armor: Leather armour    ||     4
       Animal skin       ||     2
Dodge: Dodged            ||     9
